Map: Dusk Towers

Players

Kydro - Winner!

  • Race: Zerg Zerg

Skizzle

  • Race: Protoss Protoss
  • League: Diamond

VOD

Have the link to the VOD?

Description

I love you

Time

  • Played on: Jan. 7, 2016, 12:59 a.m.
  • Length: 13:44
Show
View Real Time Build Order
Export as new Build Order

Kydro Zerg - Winner!

Build Orders: Pool First, Lurkers 

Get SALT Encoding   

  12  0:02  Drone  
  13  0:12  Overlord  
  14  0:21  Drone  
  14  0:31  Drone x2  
  16  0:36  Drone  
  17  0:45  Drone  
  18  0:50  Spawning Pool  
  18  0:56  Drone  
  18  1:06  Extractor  
  18  1:08  Drone  
  18  1:22  Drone  
  18  1:25  Hatchery  
  18  1:30  Drone  
  19  1:36  Queen  
  21  1:43  Overlord  
  21  1:50  Drone  
  22  2:02  Drone  
  23  2:16  Hatchery  
  22  2:28  Metabolic Boost, Drone  
  23  2:36  Drone  
  23  2:37  Drone  
  25  2:41  Queen  
  27  2:50  Drone x3  
  30  3:00  Drone x2  
  30  3:02  Drone  
  33  3:09  Drone x2  
  35  3:17  Lair  
  35  3:22  Overlord  
  35  3:26  Overlord  
  35  3:34  Zergling x10  
  37  3:40  Overlord  
  40  3:42  Queen  
  40  3:46  Drone x2  
  45  3:48  Drone  
  45  3:50  Drone  
  46  3:56  Drone x3  
  46  3:59  Drone x2  
  51  4:04  Drone x2  
  51  4:06  Drone  
  51  4:07  Drone  
  55  4:13  Extractor  
  54  4:21  Drone x2  
  54  4:24  Drone x2  
  58  4:27  Roach Warren  
  58  4:29  Drone x2  
  58  4:42  Overlord  
  58  4:43  Overlord  
  58  4:46  Extractor  
  58  4:47  Extractor  
  58  4:50  Hydralisk Den  
  55  4:53  Pneumatized Carapace  
  55  4:57  Overseer  
  55  4:59  Drone x3  
  58  5:01  Overlord  
  58  5:07  Evolution Chamber  
  58  5:08  Evolution Chamber  
  58  5:11  Drone  
  58  5:12  Drone x7  
  58  5:13  Drone x4  
  68  5:19  Glial Reconstitution, Muscular Augments  
  68  5:29  Extractor x2  
  68  5:30  Overlord x2  
  68  5:33  Zerg Missile Weapons Level 1  
  66  5:37  Queen  
  68  5:43  Drone x4  
  68  5:44  Drone x4  
  68  5:46  Hydralisk x2  
  68  5:47  Hydralisk  
  82  5:54  Drone  
  82  5:55  Drone  
  84  6:00  Spore Crawler  
  84  6:01  Spore Crawler  
  84  6:03  Spore Crawler  
  81  6:05  Hydralisk x4  
  89  6:11  Zerg Ground Armor Level 1  
  89  6:18  Overlord x3  
  89  6:30  Drone  
  89  6:31  Spore Crawler, Overlord  
  89  6:43  Drone x2, Spore Crawler  
  89  6:46  Drone x3  
  93  6:51  Drone x3  
  96  6:56  Hydralisk x6  
  96  6:57  Hydralisk  
  110  7:05  Hatchery  
  108  7:16  Roach x4  
  108  7:19  Queen  
  108  7:21  Spore Crawler  
  113  7:23  Spore Crawler  
  112  7:36  Hydralisk x4  
  120  7:39  Drone  
  121  7:49  Overlord x3  
  121  7:52  Zerg Missile Weapons Level 2  
  121  8:04  Infestation Pit  
  120  8:09  Hydralisk  
  120  8:10  Roach x5  
  120  8:11  Roach  
  134  8:17  Queen  
  134  8:19  Drone x4  
  141  8:20  Drone x5  
  141  8:25  Overlord  
  145  8:33  Lurker Den  
  145  8:35  Zerg Ground Armor Level 2  
  145  8:40  Extractor  
  144  8:44  Extractor  
  142  8:49  Spore Crawler, Drone x6  
  142  8:50  Drone, Spore Crawler  
  142  8:53  Queen  
  146  9:12  Hydralisk  
  146  9:13  Infestor x3, Hydralisk, Roach x3  
  146  9:15  Overlord x2  
  146  9:16  Overlord x2  
  125  9:36  Hydralisk x2  
  125  9:37  Roach x2  
  125  9:38  Hydralisk x3, Roach x6  
  131  9:57  Hydralisk x2  
  131  9:58  Hydralisk x4, Roach x3  
  149  10:11  Hive  
  149  10:13  Hydralisk x4  
  149  10:14  Hydralisk, Roach x3  
  163  10:37  Hydralisk x2  
  163  10:38  Roach x4  
  171  10:44  Spore Crawler  
  171  10:46  Spore Crawler  
  169  10:52  Lurker x3  
  170  10:57  Hydralisk x2  
  170  10:58  Hydralisk x5, Roach x2  
  188  11:15  Drone x2  
  190  11:26  Ultralisk Cavern  
  190  11:31  Hatchery  
  151  11:55  Hydralisk x2  
  151  11:56  Hydralisk x7, Roach x3  
  151  11:59  Hydralisk x2  
  151  12:00  Roach  
  173  12:06  Hydralisk x2  
  173  12:07  Roach x2  
  177  12:10  Overlord  
  177  12:11  Zergling x8  
  181  12:58  Hydralisk x2  
  181  12:59  Hydralisk x4, Roach  
  181  13:00  Hydralisk, Roach  
  199  13:14  Lurker  
Show
View Real Time Build Order
Export as new Build Order

Skizzle Protoss 

Build Orders: Nexus First 

Get SALT Encoding   

  12  0:01  Probe (Chrono Boost)  
  13  0:11  Probe (Chrono Boost)  
  14  0:18  Pylon  
  14  0:22  Probe (Chrono Boost)  
  15  0:37  Probe (Chrono Boost)  
  16  0:47  Probe (Chrono Boost)  
  17  1:05  Nexus  
  17  1:10  Probe (Chrono Boost)  
  18  1:18  Gateway  
  18  1:27  Assimilator  
  18  1:36  Probe (Chrono Boost)  
  19  2:01  Probe (Chrono Boost)  
  20  2:09  Gateway  
  20  2:11  Cybernetics Core, Zealot (Chrono Boost)  
  22  2:17  Probe  
  22  2:18  Probe, Assimilator  
  24  2:33  Probe  
  26  2:43  Probe  
  26  2:45  Probe (Chrono Boost)  
  28  2:53  Stalker (Chrono Boost)  
  28  2:57  Mothership Core (Chrono Boost)  
  28  2:58  Warp Gate (Chrono Boost)  
  30  3:01  Adept  
  30  3:04  Probe (Chrono Boost)  
  33  3:06  Pylon  
  33  3:15  Probe (Chrono Boost)  
  34  3:22  Probe (Chrono Boost)  
  34  3:25  Probe (Chrono Boost)  
  36  3:34  Probe (Chrono Boost)  
  37  3:43  Nexus  
  37  3:44  Pylon  
  37  3:46  Pylon  
  37  3:50  Pylon  
  37  3:55  Stargate  
  37  4:00  Stargate  
  37  4:05  Assimilator  
  37  4:06  Probe  
  37  4:07  Probe  
  37  4:09  Assimilator  
  39  4:14  Sentry  
  41  4:32  Probe  
  41  4:36  Gateway  
  41  4:37  Gateway, Probe  
  42  4:44  Probe  
  44  4:46  Phoenix x2  
  48  4:55  Probe x2  
  48  4:57  Probe  
  51  5:05  Sentry  
  51  5:06  Sentry  
  51  5:07  Probe x2 (Chrono Boost)  
  57  5:24  Robotics Facility  
  57  5:26  Probe x2 (Chrono Boost)  
  59  5:29  Zealot x2  
  63  5:36  Phoenix  
  63  5:38  Phoenix  
  63  5:42  Probe x2 (Chrono Boost)  
  69  5:45  Sentry  
  69  5:49  Probe (Chrono Boost)  
  72  5:57  Probe x2 (Chrono Boost)  
  72  6:01  Probe (Chrono Boost)  
  75  6:08  Probe (Chrono Boost), Pylon  
  76  6:12  Pylon  
  76  6:14  Probe (Chrono Boost)  
  76  6:15  Twilight Council, Pylon  
  77  6:24  Protoss Air Weapons Level 1, Phoenix  
  77  6:25  Phoenix  
  81  6:28  Observer  
  83  6:33  Probe (Chrono Boost)  
  83  6:36  Assimilator  
  83  6:37  Forge  
  83  6:39  Probe (Chrono Boost)  
  84  6:40  Assimilator  
  84  6:48  Pylon  
  84  6:49  Phoenix  
  86  6:55  Probe (Chrono Boost)  
  86  6:57  Charge (Chrono Boost)  
  86  6:59  Probe (Chrono Boost), Zealot  
  90  7:04  Immortal  
  95  7:08  Probe x2 (Chrono Boost)  
  96  7:21  Protoss Ground Weapons Level 1 (Chrono Boost)  
  96  7:22  Probe x2 (Chrono Boost)  
  98  7:28  Zealot x4  
  104  7:35  Templar Archives  
  104  7:36  Gateway  
  98  7:52  Gateway  
  98  7:54  Gateway  
  98  7:56  Gateway  
  98  7:58  Zealot x3  
  98  7:59  Zealot  
  98  8:04  Phoenix x2  
  110  8:22  Pylon  
  110  8:29  Pylon  
  110  8:32  Gateway  
  110  8:33  Gateway  
  110  8:35  Gateway  
  110  8:36  Zealot x3  
  116  8:42  Pylon  
  116  8:44  Pylon  
  114  8:55  High Templar x2  
  118  8:56  High Templar x2  
  118  8:58  Zealot x4  
  118  9:00  Archon  
  118  9:01  Archon  
  130  9:05  Phoenix x2  
  126  9:10  Pylon  
  126  9:12  Pylon  
  120  9:19  Zealot x4  
  128  9:30  Phoenix  
  100  9:39  Probe  
  100  9:44  Probe x2  
  101  9:49  High Templar x3  
  101  9:50  Nexus, High Templar  
  101  9:52  Pylon x2  
  111  9:55  High Templar  
  111  9:57  Archon x2  
  111  9:59  Zealot, High Templar  
  117  10:00  Zealot  
  117  10:03  Archon  
  119  10:08  Zealot x2  
  119  10:09  Zealot  
  119  10:12  Probe  
  126  10:14  Probe  
  126  10:19  Probe  
  128  10:23  Probe  
  128  10:24  Protoss Ground Weapons Level 2 (Chrono Boost)  
  128  10:26  Probe  
  130  10:29  Probe  
  125  10:44  Zealot x2  
  125  10:45  Zealot x6  
  125  10:46  Zealot x3  
  145  11:08  High Templar x3  
  145  11:09  High Templar x3  
  145  11:10  Zealot x5  
  167  11:12  Probe x3  
  167  11:13  Probe  
  171  11:26  Forge  
  171  11:27  Archon x2  
  171  11:29  Archon  
  171  11:36  Assimilator x2  
  171  11:37  Observer  
  171  11:39  Pylon  
  162  11:50  Zealot x2  
  162  11:51  Zealot x6  
  162  11:52  Zealot x3  
  100  12:04  Immortal  
  73  12:44  Immortal  
  77  13:04  High Templar x3  
  77  13:05  High Templar x6  
  91  13:06  High Templar  
  91  13:07  Zealot  
  99  13:16  Archon x4  
  99  13:18  Archon  
Tags
 
Add a new tag
Caveats
  • Supply blocks, unpowered buildings, or Contaminate may cause inaccurate times.
  • Supply counts are checked every 10 seconds.